Map: Ruby Rock LE

Players

RipNik

  • Race: Terran Terran
  • League: Diamond
  • Spawn Location: 5:00

HoldTheDoor - Winner!

  • Race: Protoss Protoss
  • League: Diamond
  • Spawn Location: 11:00

VOD

Have the link to the VOD?

Description

Time

  • Played on: May 9, 2026, 11:48 a.m.
  • Length: 20:20
Show
View Real Time Build Order
Export as new Build Order

RipNik Terran 

Build Orders:  

Get SALT Encoding   

  12  0:00  SCV  
  13  0:12  SCV  
  14  0:17  Supply Depot  
  14  0:26  SCV  
  15  0:34  Refinery  
  15  0:42  Barracks  
  15  0:45  SCV  
  16  0:58  SCV  
  16  1:00  Refinery  
  17  1:10  SCV  
  18  1:21  Supply Depot  
  18  1:28  Orbital Command  
  18  1:29  Marine  
  19  1:40  Factory  
  19  1:47  Marine  
  21  1:54  SCV  
  21  2:06  Barracks Tech Lab  
  21  2:07  SCV  
  22  2:20  SCV  
  22  2:22  Supply Depot  
  22  2:24  Marine  
  22  2:25  Factory Tech Lab  
  23  2:41  Marine  
  24  2:46  Siege Tank  
  26  2:53  Starport  
  26  2:54  SCV  
  27  2:59  Marine  
  28  3:13  SCV  
  28  3:17  Supply Depot, Marine  
  29  3:22  Siege Tank  
  29  3:24  Combat Shield  
  29  3:25  SCV  
  33  3:33  Medivac  
  35  3:35  Marine  
  35  3:37  SCV  
  37  3:53  Marine  
  37  3:54  Siege Tank  
  41  4:10  Marine  
  36  4:18  Starport Reactor  
  35  4:27  Command Center  
  35  4:28  Marine  
  35  4:29  Cyclone  
  39  4:46  Marine  
  39  4:49  SCV  
  41  4:57  Viking x2  
  45  5:01  SCV  
  45  5:04  Marine  
  47  5:17  Supply Depot  
  47  5:22  Command Center  
  43  5:30  Marine  
  43  5:32  Cyclone  
  35  5:39  Orbital Command  
  35  5:42  SCV  
  34  5:54  SCV  
  33  6:14  Viking x2  
  34  6:18  Barracks  
  34  6:19  Barracks  
  34  6:20  Barracks  
  34  6:25  Barracks  
  34  6:26  Barracks  
  32  6:49  Medivac x2  
  36  6:55  Barracks  
  36  7:01  SCV x2  
  39  7:05  Orbital Command  
  39  7:07  Barracks Tech Lab x3  
  38  7:11  Barracks Reactor  
  38  7:13  Barracks Reactor  
  35  7:31  Marine x3  
  35  7:33  Stimpack  
Show
View Real Time Build Order
Export as new Build Order

HoldTheDoor Protoss - Winner!

Build Orders:  

Get SALT Encoding   

  12  0:00  Probe  
  13  0:12  Probe  
  14  0:17  Pylon  
  14  0:24  Probe  
  15  0:32  Probe  
  15  0:39  Gateway  
  15  0:40  Probe  
  16  0:49  Assimilator  
  17  0:51  Probe  
  18  1:03  Probe  
  19  1:15  Probe  
  19  1:16  Forge  
  20  1:20  Zealot  
  20  1:26  Cybernetics Core  
  20  1:27  Probe  
  23  1:36  Assimilator  
  23  1:42  Pylon  
  23  2:00  Probe, Photon Cannon  
  24  2:01  Warp Gate  
  24  2:10  Adept  
  26  2:39  Stargate  
  26  2:59  Adept  
  26  3:03  Pylon  
  28  3:10  Gateway  
  28  3:11  Gateway  
  28  3:20  Void Ray  
  30  3:29  Shield Battery  
  30  3:33  Shield Battery  
  30  3:35  Pylon  
  30  3:50  Probe  
  31  3:57  Adept  
  31  4:00  Void Ray  
  35  4:14  Adept x2  
  39  4:23  Stalker  
  37  4:42  Stalker x2  
  37  4:47  Probe  
  38  5:11  Probe  
  38  5:12  Protoss Ground Weapons Level 1, Shield Battery  
  39  5:15  Pylon  
  39  5:17  Adept x2  
  39  5:18  Adept  
  45  5:38  Stalker x2  
  45  5:39  Stalker  
  51  6:01  Stalker x2  
  55  6:36  Nexus  
  55  6:38  Pylon  
  55  6:40  Pylon  
  55  6:43  Pylon  
  55  6:46  Pylon  
  55  6:59  Probe  
  55  7:00  Pylon  
  56  7:03  Pylon  
  56  7:08  Phoenix  
  58  7:11  Probe  
Tags
 
Matchup
PvT
Replay Pack
SC2Mai2026
Spawn Locations
Cross Positions
Add a new tag
Caveats
  • Supply blocks, unpowered buildings, or Contaminate may cause inaccurate times.
  • Supply counts are checked every 10 seconds.